Map: Dusk Towers

Players

kel

  • Race: Zerg Zerg
  • League: Master

QueenMortis - Winner!

  • Race: Zerg Zerg
  • League: Master

VOD

Have the link to the VOD?

Description

Time

  • Played on: Feb. 20, 2016, 3:14 p.m.
  • Length: 7:48
Show
View Real Time Build Order
Export as new Build Order

kel Zerg 

Build Orders: Pool First 

Get SALT Encoding   

  12  0:01  Drone  
  13  0:09  Extractor  
  12  0:25  Spawning Pool  
  11  0:29  Drone  
  11  0:35  Drone  
  13  0:41  Drone  
  14  0:53  Overlord  
  14  1:13  Zergling x6  
  14  1:16  Metabolic Boost  
  17  1:27  Zergling x2  
  18  1:33  Baneling Nest  
  17  1:44  Queen  
  19  1:51  Zergling x2  
  19  1:54  Zergling x2  
  21  2:04  Overlord  
  21  2:17  Zergling x2  
  22  2:26  Zergling x2  
  21  2:34  Baneling  
  21  2:35  Baneling x4  
  21  2:37  Zergling x2  
  22  2:45  Zergling x2  
  22  2:49  Baneling  
  22  2:50  Zergling x2  
  24  2:59  Zergling x2  
  24  3:00  Zergling x4  
  24  3:17  Drone  
  24  3:18  Drone  
  26  3:35  Hatchery  
  26  3:39  Drone x2  
  27  3:42  Drone  
  28  3:57  Overlord  
  28  4:02  Drone  
  29  4:10  Evolution Chamber  
  28  4:21  Drone x5  
  33  4:37  Drone  
  34  4:44  Overlord  
  34  4:51  Overlord  
  34  4:52  Queen  
  36  4:54  Drone x2  
  36  4:55  Drone  
  39  5:01  Drone  
  40  5:09  Lair  
  40  5:13  Roach Warren  
  38  5:21  Baneling  
  37  5:26  Drone x3  
  40  5:30  Queen  
  42  5:43  Drone  
  42  5:44  Extractor  
  42  5:46  Roach Warren, Extractor  
  42  5:47  Drone x2  
  43  6:00  Drone x4  
  47  6:22  Queen x2  
  51  6:28  Nydus Network, Overlord  
  51  6:29  Overlord  
  49  6:38  Roach x4, Overlord x2  
  57  6:50  Roach x4  
  63  7:14  Nydus Canal  
  63  7:15  Overseer  
  61  7:17  Roach x2  
  61  7:18  Roach  
  65  7:26  Zergling x2, Roach x2  
  65  7:27  Zergling x12  
Show
View Real Time Build Order
Export as new Build Order

QueenMortis Zerg - Winner!

Build Orders: Hatch First 

Get SALT Encoding   

  12  0:01  Drone  
  13  0:10  Drone  
  14  0:22  Drone x2, Extractor x2  
  16  0:43  Hatchery  
  15  0:55  Spawning Pool  
  14  1:01  Extractor  
  14  1:02  Drone  
  15  1:06  Overlord  
  15  1:16  Extractor  
  14  1:18  Drone, Extractor  
  16  1:26  Drone  
  16  1:27  Drone  
  18  1:41  Queen  
  18  1:43  Zergling x2  
  21  1:50  Zergling x2, Spine Crawler  
  21  1:55  Queen  
  21  1:56  Zergling x2  
  21  1:58  Zergling x2  
  25  2:06  Zergling x2  
  25  2:08  Zergling x2  
  27  2:19  Queen  
  27  2:20  Extractor x2  
  27  2:52  Overlord  
  27  2:55  Queen  
  27  2:56  Extractor  
  27  2:58  Extractor  
  27  3:01  Drone x2  
  30  3:13  Drone x6  
  36  3:24  Overlord, Queen, Extractor x2  
  36  3:37  Evolution Chamber x2  
  36  3:40  Overlord  
  34  3:43  Drone x3  
  34  3:46  Drone x2  
  40  4:05  Drone x2, Extractor  
  40  4:06  Drone  
  40  4:07  Extractor  
  41  4:12  Drone x4  
  41  4:13  Lair  
  45  4:24  Drone  
  45  4:25  Drone  
  45  4:29  Metabolic Boost  
  45  4:30  Overlord  
  47  4:35  Overlord  
  47  4:38  Drone  
  48  4:39  Drone  
  48  4:44  Zerg Melee Weapons Level 1  
  49  4:46  Drone  
  49  4:48  Drone  
  51  4:55  Overlord  
  51  4:58  Drone x2  
  53  5:00  Drone  
  53  5:03  Drone  
  55  5:10  Drone x3  
  53  5:29  Spire  
  53  5:30  Zergling x4  
  53  5:32  Zergling x2  
  56  5:35  Drone x2  
  57  5:44  Drone x4  
  57  5:48  Overlord  
  61  5:52  Zergling x6  
  64  6:00  Overlord  
  64  6:02  Zergling x2  
  65  6:17  Zergling x8  
  69  6:21  Overlord  
  69  6:26  Hatchery  
  69  6:27  Overlord  
  67  6:45  Mutalisk  
  67  6:46  Mutalisk x5  
  77  6:53  Mutalisk x4  
  85  6:57  Zergling x4  
  85  7:04  Mutalisk x2  
  88  7:15  Zergling x4  
Tags
 
Add a new tag
Caveats
  • Supply blocks, unpowered buildings, or Contaminate may cause inaccurate times.
  • Supply counts are checked every 10 seconds.